Map: Hardwire LE

Players

burgerperson

  • Race: Zerg Zerg
  • League: Platinum
  • Spawn Location: 7:00

Pumba - Winner!

  • Race: Protoss Protoss
  • League: Platinum
  • Spawn Location: 1:00

VOD

Have the link to the VOD?

Description

Time

  • Played on: Feb. 8, 2022, 8:48 p.m.
  • Length: 9:26
Show
View Real Time Build Order
Export as new Build Order

burgerperson Zerg 

Build Orders: Hatch First, Roach Hydra 

Get SALT Encoding   

  12  0:01  Drone  
  13  0:09  Drone  
  14  0:27  Overlord  
  14  0:45  Hatchery  
  14  0:46  Drone  
  14  0:48  Drone  
  15  0:51  Drone  
  16  0:59  Drone  
  17  1:08  Drone  
  18  1:18  Spawning Pool  
  17  1:19  Drone  
  17  1:23  Extractor  
  17  1:29  Drone  
  18  1:40  Drone  
  19  1:51  Drone  
  20  1:56  Overlord  
  20  2:05  Queen x2  
  20  2:06  Overlord  
  24  2:09  Drone  
  25  2:17  Drone  
  25  2:19  Extractor  
  25  2:40  Drone x2  
  25  2:41  Zergling x6  
  30  2:46  Metabolic Boost  
  30  2:50  Drone  
  31  2:56  Drone  
  31  2:57  Drone  
  33  2:59  Queen  
  33  3:22  Zergling x6  
  33  3:25  Drone x6  
  42  3:31  Spine Crawler  
  42  3:32  Spine Crawler  
  40  3:47  Drone  
  40  3:48  Drone x3  
  35  4:16  Drone x2  
  35  4:17  Drone x6  
  39  4:20  Drone  
  44  4:29  Overlord  
  43  4:31  Queen  
  43  4:32  Spore Crawler  
  43  4:34  Spore Crawler  
  42  4:38  Roach Warren  
  42  4:39  Lair  
  41  4:47  Overlord  
  41  4:48  Drone x3  
  41  4:49  Drone  
  45  4:53  Drone  
  46  5:13  Drone  
  47  5:14  Hatchery  
  47  5:18  Extractor  
  47  5:19  Extractor  
  44  5:33  Queen  
  46  5:37  Roach  
  46  5:38  Roach x6  
  46  5:40  Overlord  
  60  5:45  Evolution Chamber x2  
  60  5:46  Drone  
  60  5:48  Drone  
  60  5:49  Overlord  
  60  6:14  Glial Reconstitution  
  60  6:18  Drone x2  
  60  6:19  Drone  
  60  6:20  Drone x3  
  60  6:21  Hydralisk Den, Drone x3  
  68  6:32  Zerg Ground Armor Level 1, Zerg Missile Weapons Level 1  
  68  6:34  Overlord x2  
  68  6:35  Drone x3  
  68  6:37  Drone  
  68  6:38  Drone  
  73  6:48  Overseer  
  73  6:57  Overlord  
  73  6:59  Muscular Augments, Hydralisk x3  
  79  7:03  Overlord  
  79  7:04  Drone  
  80  7:14  Overlord  
  80  7:25  Hydralisk x4, Roach x4  
  80  7:27  Drone  
  80  7:28  Drone  
  98  7:31  Drone x2  
  100  7:50  Hydralisk x7  
  114  8:08  Overlord x2  
  114  8:11  Grooved Spines, Lurker Den  
  113  8:13  Overlord x3  
  113  8:14  Overlord  
  113  8:29  Hydralisk  
  113  8:30  Hydralisk x7  
  129  8:47  Hydralisk  
Show
View Real Time Build Order
Export as new Build Order

Pumba Protoss - Winner!

Build Orders: 1 Gate Expand, Oracle Opening, Zealot Archon 

Get SALT Encoding   

  12  0:00  Probe  
  13  0:12  Probe  
  14  0:23  Pylon  
  14  0:26  Probe  
  15  0:41  Probe (Chrono Boost)  
  15  0:42  Gateway  
  16  0:47  Assimilator  
  16  0:52  Probe (Chrono Boost)  
  16  0:57  Probe (Chrono Boost)  
  18  1:08  Probe  
  19  1:20  Probe  
  20  1:28  Nexus  
  21  1:36  Cybernetics Core  
  21  1:38  Probe  
  21  1:43  Assimilator  
  21  1:51  Pylon  
  21  1:54  Probe  
  22  2:06  Probe  
  23  2:09  Adept (Chrono Boost)  
  25  2:18  Probe  
  26  2:26  Stargate  
  26  2:29  Adept (Chrono Boost)  
  26  2:31  Probe (Chrono Boost)  
  29  2:40  Probe (Chrono Boost)  
  31  2:46  Warp Gate  
  31  2:48  Probe (Chrono Boost)  
  31  2:50  Probe (Chrono Boost)  
  32  2:52  Adept  
  32  2:55  Probe x2 (Chrono Boost)  
  36  3:07  Probe  
  36  3:10  Probe  
  38  3:14  Shield Battery  
  38  3:17  Gateway  
  38  3:19  Probe  
  39  3:23  Probe  
  39  3:24  Oracle (Chrono Boost)  
  43  3:32  Probe  
  44  3:35  Probe  
  45  3:42  Pylon  
  45  3:43  Pylon  
  45  4:06  Probe  
  44  4:11  Oracle (Chrono Boost)  
  44  4:15  Probe  
  46  4:19  Probe  
  47  4:27  Probe  
  47  4:31  Nexus  
  48  4:33  Pylon  
  48  4:39  Probe x2  
  48  4:43  Twilight Council  
  48  4:44  Forge  
  50  4:46  Robotics Facility  
  50  4:51  Probe  
  51  4:55  Probe, Assimilator  
  51  4:56  Adept  
  51  4:57  Adept, Assimilator  
  56  5:01  Shield Battery  
  56  5:03  Probe  
  56  5:06  Pylon  
  57  5:07  Probe  
  58  5:15  Probe  
  58  5:20  Probe  
  60  5:29  Probe  
  61  5:40  Protoss Ground Weapons Level 1, Observer (Chrono Boost)  
  61  5:41  Charge  
  62  5:49  Gateway  
  62  5:53  Probe x3  
  62  5:54  Immortal (Chrono Boost)  
  62  5:55  Gateway x2  
  69  5:57  Gateway  
  69  5:59  Gateway  
  69  6:01  Gateway  
  69  6:09  Probe x3  
  72  6:20  Templar Archives  
  72  6:25  Zealot x2  
  76  6:26  Immortal (Chrono Boost)  
  76  6:29  Pylon x2  
  76  6:32  Pylon  
  80  6:33  Observer  
  80  6:35  Pylon  
  80  6:39  Pylon  
  80  7:00  Warp Prism (Chrono Boost)  
  80  7:05  Zealot x8  
  80  7:07  Probe  
  99  7:09  Gateway  
  99  7:11  Gateway x2  
  99  7:15  Gateway  
  99  7:17  Gateway  
  99  7:23  Pylon x2  
  99  7:24  Pylon x2  
  99  7:25  Pylon  
  99  7:27  High Templar x6  
  99  7:29  Zealot  
  113  7:31  Archon  
  113  7:32  Archon x2  
  113  7:37  Stalker  
  115  8:10  Zealot x5  
  115  8:11  Zealot x7  
  139  8:31  Zealot x6  
  139  8:32  Zealot x4  
  140  9:00  Zealot x12  
Tags
 
Add a new tag
Caveats
  • Supply blocks, unpowered buildings, or Contaminate may cause inaccurate times.
  • Supply counts are checked every 10 seconds.